AoeStats
← RagnarLothbrok

African Clearing

510285548Analyzed
4v4 RM · 16h ago on Sep 30, 2026· 49m 18s· 8 players
Game mode
Random Map
Map size
Large (8 player)
Population
200
Speed
Normal
Resources
Standard
Victory
Conquest
Starting age
Dark Age
Ending age
Imperial Age
RankedLock teamsTeams togetherTeam positionsShared explorationLock speedFull tech treeHidden civsTurbo modeCheats
Victory
Defeat
🇨🇳 Persians · China
1494
+11
🇨🇳 Khitans · China
1452
+13
🇨🇳 Mongols · China
1405
+27
🇻🇪 Mongols · Venezuela
1276
+20
🇳🇴 Koreans · Norway
1456
-18
🇫🇷 Mongols · France
1392
-15
🇬🇧 Magyars · United Kingdom
1361
-14
🇪🇸 Spanish · Spain
1277
-11
Tzichi
4:23 Loom
10:31 Loom
12:41 Feudal Age
13:26 Double-Bit Axe
14:32 Loom
16:21 Scale Barding Armor
18:33 Bloodlines
25:05 Castle Age
23:31 Fletching
25:19 Padded Archer Armor
26:21 Leather Archer Armor
26:24 Bodkin Arrow
28:00 Leather Archer Armor
29:38 Bow Saw
29:57 Husbandry
31:05 Gold Mining
32:31 Town Watch
33:48 Chain Barding Armor
33:04 Elite Skirmisher
33:35 Crossbowman
34:48 Ballistics
36:38 Thumb Ring
41:31 Wheelbarrow
41:17 Masonry
46:38 Imperial Age
44:47 Town Patrol
45:02 Hand Cart
45:40 Gold Shaft Mining
45:32 Light Cavalry
49:27 Conscription
49:47 Plate Barding Armor
hades
10:00 Loom
13:16 Feudal Age
13:17 Man-at-Arms
14:01 Double-Bit Axe
18:54 Castle Age
17:17 Stone Mining
27:37 Fletching
27:47 Padded Archer Armor
29:42 Wheelbarrow
31:00 Sanctity
JOK3R_LSR
7:38 Loom
14:21 Feudal Age
18:09 Castle Age
15:55 Double-Bit Axe
17:35 Horse Collar
17:47 Gold Mining
17:48 Stone Mining
19:08 Bow Saw
20:38 Stone Shaft Mining
22:25 Gold Shaft Mining
23:51 Fletching
29:23 Wheelbarrow
30:01 Bodkin Arrow
31:13 Heavy Plow
31:40 Padded Archer Armor
35:54 Imperial Age
34:25 Hand Cart
33:55 Town Watch
35:09 Leather Archer Armor
35:22 Bloodlines
36:45 Bracer
38:29 Parthian Tactics
39:36 Masonry
39:50 Ballistics
40:31 Chemistry
40:27 Thumb Ring
41:09 Scale Barding Armor
41:14 Forging
41:07 Elite Mangudai
43:58 Capped Ram
44:52 Siege Ram
Sasha The Bunny
4:03 Loom
15:58 Feudal Age
19:17 Castle Age
17:16 Double-Bit Axe
18:08 Stone Mining
18:10 Horse Collar
19:58 Fletching
20:46 Bow Saw
22:49 Pikeman
26:29 Heavy Plow
31:33 Bodkin Arrow
33:05 Wheelbarrow
33:58 Ballistics
33:50 Masonry
35:03 Eupseong
35:25 Scale Mail Armor
35:35 Forging
39:45 Imperial Age
37:49 Squires
38:07 Chain Mail Armor
38:02 Gold Mining
39:09 Iron Casting
39:46 Crossbowman
40:32 Thumb Ring
40:29 Bracer
41:30 Chemistry
40:55 Conscription
41:07 Guilds
41:56 Plate Mail Armor
41:13 Arrowslits
41:22 Arbalester
44:29 Coinage
45:24 Architecture
44:35 Treadmill Crane
46:35 Banking
45:37 Halberdier
RagnarLothbrok
14:43 Feudal Age
12:59 Loom
14:46 Feudal Age
19:01 Castle Age
17:16 Double-Bit Axe
19:12 Wheelbarrow
18:24 Town Watch
19:44 Bloodlines
20:14 Bloodlines
22:56 Horse Collar
30:38 Town Patrol
31:09 Hand Cart
31:35 Bow Saw
31:26 Heavy Plow
31:30 Fishing Lines
35:08 Imperial Age
32:32 Fletching
33:37 Bodkin Arrow
33:47 Stone Mining
33:48 Gold Mining
34:32 Padded Archer Armor
35:49 Leather Archer Armor
35:56 Bracer
36:32 Thumb Ring
37:42 Ballistics
37:48 Scale Barding Armor
37:16 Light Cavalry
38:02 Capped Ram
38:28 Hussar
40:41 Chemistry
39:47 Siege Ram
40:53 Conscription
41:28 Chain Barding Armor
42:07 Elite Mangudai
43:29 Drill
45:02 Masonry
46:22 Parthian Tactics
48:33 Hussar
DT-Johnson【东】
5:19 Loom
12:47 Feudal Age
13:07 Double-Bit Axe
18:33 Castle Age
17:02 Horse Collar
20:49 Scale Mail Armor
29:37 Bow Saw
31:34 Fletching
34:44 Heavy Plow
35:44 Wheelbarrow
37:29 Forging
38:11 Bodkin Arrow
38:30 Bloodlines
38:21 Husbandry
43:25 Imperial Age
41:19 Gold Mining
41:50 Husbandry
42:04 Scale Barding Armor
41:58 Stone Mining
43:02 Cavalier
44:54 Gold Shaft Mining
45:29 Two-Man Saw
45:31 Hand Cart
45:25 Savar
46:42 Chain Barding Armor
46:58 Iron Casting
47:09 Town Watch
49:07 Conscription
49:50 Plate Barding Armor
50:15 Blast Furnace
很蓝的啦
10:31 Loom
13:30 Feudal Age
14:00 Double-Bit Axe
14:47 Town Watch
15:01 Domestication
17:14 Forging
17:47 Wheelbarrow
24:35 Castle Age
24:58 Scale Barding Armor
24:47 Light Cavalry
26:14 Husbandry
27:07 Iron Casting
27:44 Bow Saw
27:26 Gold Mining
30:41 Stone Mining
31:56 Fletching
32:06 Padded Archer Armor
39:43 Leather Archer Armor
41:41 Scale Mail Armor
42:28 Hand Cart
42:13 Town Patrol
44:07 Stone Shaft Mining
44:07 Chain Mail Armor
45:27 Lamellar Armor
47:01 Chain Barding Armor
50:41 Imperial Age
抖音KK
5:14 Loom
6:10 Loom
13:32 Feudal Age
17:55 Castle Age
16:14 Double-Bit Axe
18:57 Bow Saw
19:10 Gold Mining
21:01 Fletching
24:39 Ballistics
24:18 Bodkin Arrow
26:45 Wheelbarrow
28:19 Padded Archer Armor
32:01 Leather Archer Armor
33:11 Hand Cart
37:48 Imperial Age
35:29 Husbandry
35:57 Bloodlines
36:15 Stone Mining
37:02 Gold Shaft Mining
38:18 Thumb Ring
38:12 Elite Mangudai
39:32 Bracer
40:38 Chemistry
40:34 Conscription
40:40 Conscription
40:47 Parthian Tactics
42:55 Stone Shaft Mining
43:18 Coinage
43:01 Masonry
44:29 Banking
49:01 Hoardings
Connection lost

Rejoining the realm…

Still unreachable

The connection could not be restored.

Session expired

The server has moved on; the page needs a fresh start.